 Dungeon Crawl Stone Soup version 0.28-a0-1286-g6bde065e89 (webtiles) character file.

Game seed: 6731771536941060399

460 halfoni the Chopper (level 7, -3/82 HPs)
             Began as a Human Berserker on Dec 27, 2021.
             Was a Believer of Trog.
             Succumbed to a water moccasin's poison
             ... on level 4 of the Dungeon.
             The game lasted 00:09:01 (4805 turns).

halfoni the Chopper (Human Berserker)               Turns: 4805, Time: 00:09:02

Health: -3/82      AC: 12    Str: 19    XL:     7   Next: 28%
Magic:  7/7        EV:  6    Int:  8    God:    Trog [**....]
Gold:   156        SH:  0    Dex: 12    Spells: 6/6 levels left

rFire   . . .      SeeInvis .   a - +1 hand axe
rCold   . . .      Faith    .   (no shield)
rNeg    . . .      Spirit   .   q - +0 plate armour
rPois   .          Reflect  .   e - +0 helmet
rElec   .          Harm     .   (no cloak)
rCorr   .          Rampage  .   (no gloves)
Will    .....                   (no boots)
Stlth   ..........              (no amulet)
HPRegen 0.23/turn               c - ring of flight
MPRegen 0.10/turn               (no ring)

@: berserking (expiring), lethally poisoned (-3 -> -29), flying, very quick
A: no striking features
a: Renounce Religion, Berserk, Trog's Hand


You were on level 4 of the Dungeon.
You worshipped Trog.
Trog was pleased with you.
You visited 1 branch of the dungeon, and saw 4 of its levels.

You collected 156 gold pieces.

Inventory:

Hand Weapons
 a - a +1 hand axe (weapon)
Missiles
 h - a throwing net (quivered)
Armour
 e - a +0 helmet (worn)
 q - a +0 plate armour (worn)
Jewellery
 c - a ring of flight (left hand)
Wands
 n - a wand of flame (28)
Scrolls
 b - a scroll of fog {unknown}
 f - a scroll of noise {unknown}
Potions
 d - 2 potions of curing
 g - a potion of attraction
 j - a potion of resistance
 m - a potion of haste
 o - a potion of cancellation {unknown}
 p - a potion of heal wounds {unknown}


   Skills:
 + Level 4.4 Fighting
 + Level 5.8 Axes
 + Level 3.9 Armour
 + Level 2.5 Dodging


You had 6 spell levels left.
You didn't know any spells.
Your spell library was empty.

Dungeon Overview and Level Annotations

Branches:
Dungeon (4/15)
 Temple: D:4-7

Altars:
Kikubaaqudgha
Okawaru
Vehumet

Shops:
D:1 !:([!


Message History

The water moccasin bites you but does no damage.
The water moccasin bites you.
You miss the water moccasin.
The water moccasin is heavily wounded.
You feel sick. The water moccasin barely misses you.
You miss the water moccasin.
The water moccasin is heavily wounded.
You feel sick. The water moccasin closely misses you.
You barely miss the water moccasin.
The water moccasin is heavily wounded.
You feel sick. The water moccasin closely misses you.
You miss the water moccasin.
The water moccasin is heavily wounded.
You feel sick. The water moccasin bites you.
* * * LOW HITPOINT WARNING * * *
You are lethally poisoned!
The water moccasin poisons you!
You hit the water moccasin but do no damage.
The water moccasin is heavily wounded.
* * * LOW HITPOINT WARNING * * *
You feel very sick.
The water moccasin bites you but does no damage.
You barely miss the water moccasin.
The water moccasin is heavily wounded.
* * * LOW HITPOINT WARNING * * *
You feel very sick. The water moccasin bites you.
* * * LOW HITPOINT WARNING * * *
You are more poisoned.
The water moccasin poisons you!
You are too berserk!
You slash the water moccasin!
The water moccasin is almost dead.
* * * LOW HITPOINT WARNING * * *
You feel very sick. The water moccasin bites you!
* * * LOW HITPOINT WARNING * * *
You barely miss the water moccasin.
The water moccasin is almost dead.
You die...

....#......# ......
.##
.....†.....##.......
...#
..8........#.......
....##
#..........#.......
.....#
#..8...............
#.. ......
+.................#
... ......
#..8..##.........#
..# ......
#.....###.#.....S##
.. ...... ..8....
###..###@.##.# #
....#. ....#..
#...##.##..###.. ...
## ...##.
##......#....... . .
... ##...#.........
. ###.#......... ##
#............ .
#.....##.....
##...........
..........##.


You could see a water moccasin.

Vanquished Creatures
  A necrophage (D:3)
  A bullfrog (D:4)
  A hound (D:4)
  A jelly (D:4)
  Robin (D:4)
  5 adders
  8 gnolls
  A white imp (D:3)
  2 worms (D:3)
  3 dart slugs
  3 orcs
  6 ball pythons
  8 bats
  7 endoplasms
  A giant cockroach (D:3)
  17 goblins
  9 hobgoblins
  2 jackals (D:3)
  8 kobolds
  3 quokkas
  4 frilled lizards
  9 rats
101 creatures vanquished.

Notes
Turn   | Place    | Note
-------+----------+-------------------------------------------
     0 | D:1      | halfoni the Human Berserker began the quest for the Orb.
     0 | D:1      | Reached XP level 1. HP: 18/18 MP: 1/1
    52 | D:1      | Reached XP level 2. HP: 24/24 MP: 2/2
   382 | D:1      | Found Ipri's Weapon Emporium.
   443 | D:1      | Reached XP level 3. HP: 28/29 MP: 3/3
   472 | D:1      | Found Roepsen's Armour Boutique.
   501 | D:1      | Found Mueg's Book Emporium.
   519 | D:1      | Found Woduarch's Distillery.
   731 | D:1      | Found Jaxoeqiss's Distillery.
   854 | D:2      | Reached ** piety under Trog
   938 | D:2      | Reached XP level 4. HP: 4/35 MP: 4/4
  1270 | D:2      | Reached skill level 4 in Axes
  1393 | D:2      | Reached XP level 5. HP: 41/41 MP: 5/5
  1594 | D:2      | You are sucked into a shaft and drop 1 floor!
  2394 | D:3      | Found a radiant altar of Vehumet.
  2430 | D:3      | Found an iron altar of Okawaru.
  3724 | D:4      | Noticed a bullfrog
  3724 | D:4      | Noticed a water moccasin
  3788 | D:4      | Reached XP level 6. HP: 48/48 MP: 6/6
  3881 | D:4      | Reached skill level 5 in Axes
  4216 | D:4      | Noticed a necrophage
  4216 | D:4      | Noticed Robin
  4258 | D:3      | Killed a necrophage
  4309 | D:4      | Killed Robin
  4317 | D:4      | Reached XP level 7. HP: 54/54 MP: 7/7
  4639 | D:4      | Found an ancient bone altar of Kikubaaqudgha.
  4804 | D:4      | HP: 1/82 [water moccasin (7)]
  4805 | D:4      | Succumbed to a water moccasin's poison

Illustrated notes

Levels and vault maps discovered:
D:1:      dpeg_arrival_arbitrary_c, layout_rooms, serial_shops, shop,
          nicolae_shop_hallway_stairs, shop, nicolae_shop_crystal,
          nicolae_shop_bloodbath_and_beyond, chequers_serial_rivers_small_a,
          minmay_tetromino_l4
D:2:      layout_basic
D:3:      layout_rooms, mainiacjoe_overflow_two_lobes, hangedman_feature_mirror,
          chequers_jeans, minmay_misc_feat_plants
D:4:      layout_cave_pools, lemuel_round_altar, zin_statuary,
          overflow_temple_1_default, uniq_robin

Skill      XL: |  1  2  3  4  5  6 |
---------------+-------------------+-----
Axes           | 4 5 |  5.8
Armour         | 3 |  3.9
Fighting       | 4 |  4.4
Dodging        | |  2.5

Action                   |  1- 3 |  4- 6 |  7- 9 || total
-------------------------+-------+-------+-------++-------
Melee: Hand axe          |    78 |   199 |    42 ||   319
Invok: Berserk           |     3 |     7 |     2 ||    12
  Use: Scroll            |       |     7 |       ||     7
Armor: Ring mail         |     3 |       |       ||     3
       Scale mail        |    44 |     6 |       ||    50
       Chain mail        |       |    55 |       ||    55
       Plate armour      |       |    41 |    24 ||    65
Dodge: Dodged            |    44 |    72 |    12 ||   128

Table legend: (Time is in decaauts)
 A = Elapsed time spent in this place.
 B = Non-inter-level travel time spent in this place.
 C = Inter-level travel time spent in this place.
 D = Time resting spent in this place.
 E = Time spent auto-exploring this place.
 F = Levels seen in this place.
 G = Mean time per level.
                   A        B        C        D        E       F      G
               +--------+--------+--------+--------+--------+-----+--------+
         Total |   4926 |   4926 |      0 |   1959 |   1867 |   4 | 1231.5 |
       Dungeon |   4926 |   4926 |      0 |   1959 |   1867 |   4 | 1231.5 |
               +--------+--------+--------+--------+--------+-----+--------+

Top non-repeatable levels by time:
     D:3: 2072 daAuts
     D:2: 1334 daAuts
     D:1: 846 daAuts
     D:4: 672 daAuts
